 Dungeon Crawl Stone Soup version 0.31-a0-345-g1ebeae05c6 (webtiles) character file.

Game seed: 10160808085184607109

4885 LeprechaunX the Grappler (level 10, -2/68 HPs)
             Began as an Octopode Shapeshifter on July 23, 2023.
             Slain by a vampire
             ... wielding a +0 halberd
              (9 damage)
             ... on level 10 of the Dungeon.
             The game lasted 00:11:49 (6875 turns).

LeprechaunX the Grappler (Octopode Shapeshifter)    Turns: 6875, Time: 00:11:50

Health: -2/68      AC:  5    Str: 19    XL:     10   Next: 50%
Magic:  10/10      EV: 15    Int: 10    God:
Gold:   361        SH:  0    Dex: 13    Spells: 9/9 levels left

rFire   . .          .
                       - Unarmed
rCold   . . .        (no shield)
rNeg    + . .        (helmet currently unavailable)
rPois   .            (no amulet)
rElec   .            d - +4 ring of protection
rCorr   .            q - +4 ring of slaying
SInv    .            E - ring of willpower
Will    +....        F - ring of positive energy
Stlth   ++           (no ring)
HPRegen 0.31/turn    (no ring)
MPRegen 0.12/turn    (no ring)
                     (no ring)

%: no passive effects
@: beast-form
A: beast (slay +4), almost no armour, amphibious, 8 rings, camouflage 1,
gelatinous body 1, (nimble swimmer 1), tentacles
a: Begin Untransformation


You were on level 10 of the Dungeon.
You were a hulking beast.
You visited 1 branch of the dungeon, and saw 8 of its levels.
You also visited: Sewer.

You collected 403 gold pieces.
You spent 42 gold pieces at shops.

Inventory:

Missiles
 s - 2 javelins (quivered)
Armour
 n - a +1 hat of intelligence
 C - a +0 kite shield
Jewellery
 d - a +4 ring of protection (left tentacle)
 q - a +4 ring of slaying (right tentacle)
 E - a ring of willpower (on tentacle)
 F - a ring of positive energy (on tentacle)
Talismans
 b - a beast talisman
Wands
 m - a wand of flame (28)
 D - a wand of polymorph (5)
 G - a wand of quicksilver (5)
Scrolls
 a - a scroll of amnesia {unknown}
 e - 4 scrolls of teleportation
 f - 2 scrolls of blinking {unknown}
 h - 2 scrolls of enchant armour {unknown}
 k - a scroll of torment {unknown}
 p - a scroll of fear {unknown}
 r - a scroll of immolation {unknown}
 u - a scroll of poison {unknown}
 y - 3 scrolls of acquirement {unknown}
 A - a scroll of enchant weapon {unknown}
Potions
 c - a potion of magic {unknown}
 g - 4 potions of curing
 i - a potion of heal wounds
 j - 4 potions of enlightenment
 l - 3 potions of cancellation
 o - 4 potions of brilliance
 t - a potion of attraction {unknown}
 v - a potion of mutation {unknown}
 x - 2 potions of berserk rage {unknown}
 z - 2 potions of haste {unknown}
 B - a potion of resistance {unknown}


   Skills:
 + Level 6.2 Fighting
 + Level 5.6 Throwing
 + Level 6.3 Dodging
 + Level 1.6 Shields
 * Level 9.4 Unarmed Combat
 + Level 5.9 Shapeshifting


You had 9 spell levels left.
You didn't know any spells.
Your spell library contained the following spells:

 Spells                   Type           Power      Damage    Failure   Level
 Apportation              Tloc           0%         N/A       36%         1
 Necrotise                Necr           0%         1d4       36%         1
 Summon Small Mammal      Summ           0%         N/A       36%         1
 Volatile Blastmotes      Fire/Tloc      0%         2d10      75%         3
 Fulminant Prism          Conj/Hex       0%         3d5       98%         4
 Iskenderun's Mystic Bla  Conj/Tloc      0%         2d3       98%         4


Dungeon Overview and Level Annotations

Branches:
Dungeon (7/15)             Temple (0/1) D:7           Sewer (visited)

Altars:
Cheibriados
Qazlal
Wu Jian
Zin
The Shining One

Shops:
D:2 !

Annotations:
D:6 1 runed translucent door, Pooter's ghost, novice OgSh


Innate Abilities, Weirdness & Mutations

You are a hulking beast.
Your limbs bulge with bestial killing power. (Slay +4)
You cannot wear most types of armour.
You are amphibious.
You can wear up to eight rings at the same time.
Your skin changes colour to match your surroundings (Stealth+).
Your rubbery body absorbs attacks. (AC +1, EV +1)
((You are camouflaged when in or above water. (Stealth+)))
You have tentacles for arms and can constrict up to eight enemies at once.


Message History

You barely miss the vampire mosquito.
The vampire mosquito is lightly damaged.
The vampire mosquito bites you but does no damage.
Something hits you but does no damage.
The vampire mosquito bites you but does no damage.
You barely miss the vampire mosquito.
The vampire mosquito is lightly damaged.
The vampire mosquito bites you but does no damage.
Something hits you!
You completely miss the vampire mosquito.
The vampire mosquito is lightly damaged.
The vampire mosquito bites you but does no damage.
The vampire mosquito bites you!
The vampire mosquito draws strength from your injuries!
You completely miss the vampire mosquito.
Your punch misses the vampire mosquito.
The vampire mosquito bites you but does no damage.
Something hits you but does no damage.
You barely miss the vampire mosquito.
The vampire mosquito bites you but does no damage.
Something hits you!
* * * LOW HITPOINT WARNING * * *
The vampire mosquito bites you.
* * * LOW HITPOINT WARNING * * *
You closely miss the vampire mosquito.
The vampire mosquito bites you but does no damage.
Something hits you.
* * * LOW HITPOINT WARNING * * *
The vampire mosquito bites you but does no damage.
You closely miss the vampire mosquito.
You feel less wooden.
You turn into a hulking beast.
The vampire mosquito bites you but does no damage.
Something hits you!
* * * LOW HITPOINT WARNING * * *
You miss the vampire mosquito. You grab the vampire mosquito.
You constrict the vampire mosquito. The vampire mosquito misses you.
The vampire mosquito closely misses you.
Something hits you!
You die...

#......# ..#
#......# ...#
#......# ...#.
#......#.....#
#......#......
#......'....h.
#.....{#...##.
#....†.# ###
#....yh#
#.....†#
#......+
#......#
#.......
#.......
###+#.## ..


You could see a vampire mosquito.

Vanquished Creatures
  Pikel (D:4)
  Grinder (D:6)
  Sigmund (D:6)
  A vampire (D:10)
  6 yaks
  4 vampire mosquitoes (D:10)
  Edmund (D:4)
  Menkaure (D:6)
  Duvessa (D:6)
  A water moccasin (D:7)
  A sky beast (D:6)
  An ice beast (D:6)
  A black bear (D:5)
  An ogre (D:4)
  2 centaurs (D:6)
  2 lemures (D:4)
  9 kobold brigands
  Blork the orc (D:4)
  A bullfrog (D:7)
  6 scorpions
  Dowan (D:6)
  A howler monkey (D:10)
  3 hounds
  2 orc priests
  An orc wizard (D:5)
  10 adders
  A river rat (Sewer)
  A shadow imp (D:5)
  2 white imps (D:6)
  An ufetubus (D:4)
  2 worms
  5 dart slugs
  13 orcs
  6 endoplasms
  5 giant cockroaches
  5 goblins
  7 hobgoblins
  2 jackals (D:1)
  5 quokkas
  9 ball pythons
  7 bats
  4 frilled lizards
  25 kobolds
  14 rats
175 creatures vanquished.

Notes
Turn   | Place    | Note
-------+----------+-------------------------------------------
     0 | D:1      | LeprechaunX the Octopode Shapeshifter began the quest for
                  | the Orb.
     0 | D:1      | Reached XP level 1. HP: 13/13 MP: 1/1
   243 | D:1      | Reached XP level 2. HP: 18/18 MP: 2/2
   989 | D:2      | Found Osmur's Distillery.
   997 | D:2      | Bought a potion of lignification for 42 gold pieces
  1079 | D:2      | Reached XP level 3. HP: 23/23 MP: 3/3
  1268 | D:2      | Reached XP level 4. HP: 29/29 MP: 4/4
  1825 | D:3      | Found a faded altar of an unknown god.
  1923 | D:3      | Found a glowing golden altar of the Shining One.
  2159 | D:3      | Reached skill level 4 in Unarmed Combat
  2161 | D:3      | Found a snail-covered altar of Cheibriados.
  2287 | D:4      | Noticed an ogre
  2292 | D:4      | Killed an ogre
  2293 | D:4      | Reached XP level 5. HP: 35/35 MP: 5/5
  2305 | D:4      | Noticed Pikel
  2305 | D:4      | Noticed a lemure
  2326 | D:4      | Killed a lemure
  2551 | D:4      | Reached XP level 6. HP: 41/41 MP: 6/6
  2753 | D:4      | Killed Pikel
  2754 | D:4      | Reached skill level 5 in Unarmed Combat
  2754 | D:4      | Reached XP level 7. HP: 28/46 MP: 7/7
  2978 | D:4      | Noticed Edmund
  2979 | D:4      | Noticed Blork the orc
  2998 | D:4      | Killed Blork the orc
  3088 | D:4      | Killed Edmund
  3089 | D:4      | Reached skill level 6 in Unarmed Combat
  3089 | D:4      | Reached XP level 8. HP: 23/54 MP: 8/8
  3644 | D:5      | Entered Level 5 of the Dungeon
  3825 | D:5      | Noticed a yak
  3825 | D:5      | Noticed a yak
  3825 | D:5      | Noticed a yak
  3826 | D:5      | Noticed a yak
  3832 | D:5      | Noticed a yak
  3842 | D:5      | Killed a yak
  3843 | D:5      | Reached skill level 7 in Unarmed Combat
  3851 | D:5      | Killed a yak
  3856 | D:5      | Killed a yak
  3857 | D:5      | Reached skill level 5 in Dodging
  3857 | D:5      | Reached XP level 9. HP: 19/59 MP: 9/9
  3862 | D:5      | Reached skill level 5 in Shapeshifting
  3955 | D:5      | Found an ornate altar of the Wu Jian Council.
  4019 | D:5      | Reached skill level 5 in Fighting
  4208 | D:5      | Found a glowing drain.
  4219 | Sewer    | Entered a sewer
  4336 | Sewer    | Reached skill level 8 in Unarmed Combat
  5078 | D:6      | Noticed Menkaure
  5091 | D:6      | Killed Menkaure
  5245 | D:6      | Noticed Sigmund
  5252 | D:6      | Killed Sigmund
  5501 | D:6      | Noticed Grinder
  5506 | D:6      | Killed Grinder
  5507 | D:6      | Reached skill level 5 in Throwing
  5710 | D:6      | Found a runed translucent door.
  5712 | D:6      | Found a stormy altar of Qazlal.
  5742 | D:6      | Noticed Duvessa
  5743 | D:6      | Noticed Dowan
  5749 | D:6      | Killed Duvessa
  5750 | D:6      | Reached XP level 10. HP: 68/68 MP: 10/10
  5751 | D:6      | Killed Dowan
  6075 | D:6      | Noticed Pooter's ghost (novice OgSh)
  6124 | D:6      | Reached skill level 9 in Unarmed Combat
  6363 | D:7      | Found a glowing silver altar of Zin.
  6363 | D:7      | Noticed an angel
  6802 | D:7      | Found a staircase to the Ecumenical Temple.
  6808 | D:7      | You fall into a shaft and drop 3 floors!
  6808 | D:10     | Entered Level 10 of the Dungeon
  6837 | D:10     | Reached skill level 1 in Shields
  6875 | D:10     | Slain by a vampire

Illustrated notes

Levels and vault maps discovered:
D:1:      matt_arrival_spirals, layout_basic
D:2:      layout_basic, serial_shops, shop, minmay_crystal_room,
          minmay_misc_feat_tiny
D:3:      layout_basic, lemuel_coloured_pillars_altar,
          mainiacjoe_overflow_cross_hatched,
          shapermc_ecumenical_altar_mp_highgroup
D:4:      layout_loops_corners, uniq_blork_the_orc, uniq_edmund, uniq_pikel
D:5:      layout_basic, pdpol_wu_jian_five_deadly_venoms,
          gup_sewer_entry_bubbles
D:6:      layout_cave_pods, amcnicky_altar_gilded, ebering_ghost_sewer_d,
          palyth_stone_intersect, uniq_duvessa, uniq_menkaure, uniq_sigmund,
          uniq_grinder
D:7:      layout_rooms, zin_angel, minmay_temple_entry_crystal_x
D:10:     layout_gridville, hangedman_decor_clover_reticule, minmay_circle_x,
          uniq_josephine, uniq_erica, uniq_lodul

Skill      XL: |  1  2  3  4  5  6  7  8  9 10 |
---------------+-------------------------------+-----
Fighting       | 2 3 4 5 6 |  6.2
Unarmed Combat | 4 5 6 7 8 9 |  9.4
Dodging        | 3 4 5 6 |  6.3
Throwing       | 2 3 5 |  5.6
Shapeshifting  | 4 5 |  5.9
Shields        | 1 |  1.6

Action                     |  1- 3 |  4- 6 |  7- 9 | 10-12 || total
---------------------------+-------+-------+-------+-------++-------
  Melee: Unarmed           |    55 |    65 |   172 |    81 ||   373
         Constrict         |    16 |    13 |    35 |    11 ||    75
         Tentacles         |     9 |    11 |    24 |     7 ||    51
         Punch             |     2 |     3 |    12 |     4 ||    21
  Throw: Javelin           |       |     3 |    13 |     2 ||    18
    Use: Potion            |       |     1 |     1 |     4 ||     6
         Scroll            |       |       |     5 |       ||     5
   Stab: Sleeping          |    10 |     4 |    10 |     1 ||    25
 Armour: Skin              |     8 |    23 |    40 |    86 ||   157
  Dodge: Dodged            |    33 |    27 |    75 |    43 ||   178

Table legend: (Time is in decaauts)
 A = Elapsed time spent in this place.
 B = Non-inter-level travel time spent in this place.
 C = Inter-level travel time spent in this place.
 D = Time resting spent in this place.
 E = Time spent auto-exploring this place.
 F = Levels seen in this place.
 G = Mean time per level.
                   A        B        C        D        E       F      G
               +--------+--------+--------+--------+--------+-----+--------+
         Total |   6846 |   6372 |    474 |    332 |   4772 |   9 |  760.7 |
       Dungeon |   6392 |   5918 |    474 |    332 |   4459 |   8 |  799.0 |
         Sewer |    454 |    454 |      0 |      0 |    313 |   1 |  454.0 |
               +--------+--------+--------+--------+--------+-----+--------+

Top non-repeatable levels by time:
     D:4: 1317 daAuts
     D:6: 1284 daAuts
     D:1: 961 daAuts
     D:5: 928 daAuts
     D:2: 723 daAuts
     D:3: 631 daAuts
     D:7: 485 daAuts
   Sewer: 454 daAuts
    D:10: 60 daAuts
